Cogmind - Beta 13 @@@ ROGUE MODE // 2024.06.03 @ 16:55:19 Player: Sunvar Result: Self-destructed Performance ------------- Evolutions (0) 0 Regions Visited (4) 800 Robots Destroyed (28) 140 Value Destroyed (699) 699 Prototype IDs (4) 80 Alien Tech Used (0) 0 Bonus (21) 21 TOTAL SCORE: 1740 Bonus ------- Follower Combat Kills 21 Cogmind --------- Core Integrity 61/250 Matter 284/300 Energy 160/160 System Corruption 3% Temperature Cool (0) Movement Treading (240) Ox1 Location -9/Mines Parts ------- > --- POWER (1) -------- Light Nuclear Core > --- PROPULSION (2) --- Light Treads Light Treads > --- UTILITY (2) ------ High-capacity Storage Unit Light Armor Plating > --- WEAPON (2) ------- Heavy Assault Rifle Datajack > --- INVENTORY (20) --- Light Treads Light Treads Medium Storage Unit Medium Matter Pod (100) Experimental Sensor Array Core Shielding Light Armor Plating Light Armor Plating Improved Field Recycling Unit (0) Improved Assault Rifle Improved Assault Rifle Improved Assault Rifle Light Cannon Rocket Launcher Mini Grenade Launcher Mini Grenade Launcher Peak State ------------ > --- POWER ------------ Light Nuclear Core > --- PROPULSION ------- Light Treads Light Treads > --- UTILITY ---------- Medium Storage Unit Experimental Sensor Array > --- WEAPON ----------- Improved Assault Rifle Light Cannon > --- INVENTORY -------- Light Treads Light Treads High-capacity Storage Unit Light Armor Plating Light Armor Plating Heavy Assault Rifle Improved Assault Rifle Improved Assault Rifle Rocket Launcher Mini Grenade Launcher [Rating: 20] Favorites ----------- Power Light Nuclear Core Engine Ion Engine Power Core Light Nuclear Core Propulsion Light Treads Treads Light Treads Leg Aluminum Leg Utility Light Armor Plating Device Structural Scanner Storage High-capacity Storage Unit Protection Light Armor Plating Weapon Improved Assault Rifle Ballistic Gun Improved Assault Rifle Ballistic Cannon Light Cannon Launcher Grenade Launcher Special Melee Weapon Datajack Build | -11 -10 -10 -10 -9 ------- Run | Yrd Mat Min Exi Min Slots Evolved . | . . . . . Power . | . . . . . Propulsion . | . . . . . Utility . | . . . . . Weapon . | . . . . . Parts Attached 27 | . 12 11 . 4 Power 3 | . 2 1 . . Engine 1 | . 1 . . . Core 2 | . 1 1 . . Reactor . | . . . . . Propulsion 4 | . 2 1 . 1 Treads 4 | . 2 1 . 1 Leg . | . . . . . Wheel . | . . . . . Hover . | . . . . . Flight . | . . . . . Utility 6 | . 2 4 . . Device 2 | . 1 1 . . Storage 2 | . 1 1 . . Processor . | . . . . . Hackware . | . . . . . Protection 2 | . . 2 . . Artifact . | . . . . . Weapon 14 | . 6 5 . 3 Energy Gun . | . . . . . Energy Cannon . | . . . . . Ballistic Gun 7 | . 4 1 . 2 Ballistic Cannon 3 | . 1 2 . . Launcher 3 | . 1 2 . . Special Weapon . | . . . . . Impact Weapon . | . . . . . Slashing Weapon . | . . . . . Piercing Weapon . | . . . . . Special Melee Weapon 1 | . . . . 1 Unidentified Prototypes 2 | . 1 1 . . Parts Lost 5 | . 1 3 . 1 Power 2 | . 1 1 . . Propulsion 2 | . . 1 . 1 Utility . | . . . . . Weapon 1 | . . 1 . . Highest Loss Streak 3 | . 1 3 . 1 To Critical Strikes . | . . . . . Average Slot Usage (%) 88 | . 92 99 71 81 Engine 2 | . 10 . . . Core 11 | . 3 12 14 14 Treads 25 | . 12 27 28 27 Leg 2 | . 15 . . . Device 1 | . 6 1 . . Storage 14 | . 16 14 14 14 Protection 10 | . . 12 14 14 Ballistic Gun 12 | . 21 14 . 9 Ballistic Cannon 6 | . 4 13 . . Naked Turns . | . . . . . Heaviest Build 54 | 14 24 54 48 54 Greatest Support 40 | 20 40 40 40 40 Greatest Overweight (x) 1 | . 1 1 1 1 Average Overweight (x) . | . . . 1 1 Largest Inventory Capacity 20 | . 10 20 20 20 Average Capacity 15 | . 9 14 20 20 Most Carried 17 | . 10 13 16 17 Average Carried 12 | . 9 10 15 16 Final Capacity 20 | 8 10 20 20 20 Final Carried 16 | 6 10 13 16 16 Class Distribution -------------------- 98% | Mutant Dominant Class ---------------- Mutant | -10/Materials Mutant | -10/Mines Mutant | -10/Exiles Mutant | -9/Mines Resources | -11 -10 -10 -10 -9 ----------- Run | Yrd Mat Min Exi Min Matter Collected 875 | 200 207 348 64 56 Remotely . | . . . . . Salvage Created 701 | . 411 219 . 71 Parts 51 | . 31 15 . 5 Haulers Intercepted 1 | . 1 . . . Recyclers Shooed . | . . . . . Parts Field Recycled . | . . . . . Retrieved Matter . | . . . . . Parts Self-Destructed . | . . . . . Prevented . | . . . . . Kills | -11 -10 -10 -10 -9 ------- Run | Yrd Mat Min Exi Min Combat Hostiles Destroyed 24 | . 12 10 . 2 Guns 11 | . 7 2 . 2 Cannons 5 | . 2 3 . . AOE 8 | . 3 5 . . Classes Destroyed 7 | . 5 1 . 1 Builder 2 | . 2 . . . Hauler 1 | . 1 . . . Operator 1 | . 1 . . . Swarmer 9 | . 3 6 . . Grunt 12 | . 9 2 . 1 Duelist 1 | . . . . 1 Sentry 2 | . . 2 . . Best Kill Streak 6 | . 6 5 . 2 Combat Bots Only 6 | . 6 5 . 2 Max Kills in Single Turn 5 | . 2 5 . 1 Gunslinging 1 | . 1 . . . Exploded 5 | . 1 5 . . Melee . | . . . . . Uniques/NPCs Destroyed . | . . . . . Combat | -11 -10 -10 -10 -9 -------- Run | Yrd Mat Min Exi Min Hostile Shots Fired 124 | . 59 58 . 7 Missed 34 | . 17 15 . 2 Damage Taken 1155 | . 445 587 . 123 Core 189 | . 87 59 . 43 Absorbed by Shields . | . . . . . Core Remaining (%) 100 | 100 . . . . Volleys Fired 54 | . 30 20 . 4 Largest 2 | . 2 2 . 2 Hottest 63 | . 55 63 . 46 Shots Fired 109 | . 60 41 . 8 Gun 82 | . 44 30 . 8 Cannon 23 | . 14 9 . . Launcher 4 | . 2 2 . . Special . | . . . . . Kinetic 105 | . 58 39 . 8 Thermal . | . . . . . Explosive 4 | . 2 2 . . Electromagnetic . | . . . . . Robot Hit Streak 20 | . 6 20 . 4 Robot Miss Streak 6 | . 3 6 . 2 Penetration Max . | . . . . . Secondary Targets 4 | . 3 . . 1 Max Gunslinging Chain 1 | . 1 . . 1 Shots Hit Robots 69 | . 34 30 . 5 Core Hits 41 | . 23 15 . 3 Critical Kills 1 | . 1 . . . Critical Parts Destroyed . | . . . . . Critical Strikes 2 | . 2 . . . Destroy 1 | . 1 . . . Blast 1 | . 1 . . . Melee Attacks . | . . . . . Impact . | . . . . . Slashing . | . . . . . Piercing . | . . . . . Sneak Attacks . | . . . . . Combat Hostiles . | . . . . . Follow-up Attacks . | . . . . . Damage Inflicted 1424 | . 657 688 . 79 Guns 754 | . 347 328 . 79 Cannons 238 | . 134 104 . . Explosions 429 | . 174 255 . . Melee . | . . . . . Ramming 3 | . 2 1 . . Kinetic 992 | . 481 432 . 79 Thermal . | . . . . . Explosive 429 | . 174 255 . . Electromagnetic . | . . . . . Impact . | . . . . . Slashing . | . . . . . Piercing . | . . . . . Highest Corruption 3 | . 3 3 3 3 Average Corruption 2 | . 2 3 3 3 Corruption Purged . | . . . . . Corruption Blocked . | . . . . . Effects 40 | . 8 13 9 10 Message Errors 9 | . 3 1 2 3 Matter Fused 11 | . 1 3 5 2 Heat Flow Errors 6 | . . 3 . 3 Energy Discharges 5 | . . 2 1 2 Parts Fused 1 | . 1 . . . Data Loss (minor) 2 | . 1 1 . . Data Loss (major) 1 | . . . 1 . Misfires 3 | . 1 2 . . Alerts 2 | . 1 1 . . Overload Shots . | . . . . . Overflow Damage 30 | . 30 . . . Projectiles . | . . . . . Explosions 30 | . 30 . . . Melee . | . . . . . Knockbacks . | . . . . . Impact . | . . . . . Kinetic . | . . . . . Secondary . | . . . . . Self-Inflicted Damage 23 | . 23 . . . Shots 2 | . 2 . . . Rammed 2 | . . 1 . 1 Targets Rammed 3 | . 1 1 . 1 Kicked 1 | . 1 . . . Crushed . | . . . . . Highest Temperature 282 | . 22 282 . 239 Average Temperature 69 | . 11 71 . 86 Received Heat Transfer 399 | . 126 255 . 18 Effects 2 | . . 2 . . Interference 2 | . . 2 . . Siege Activations . | . . . . . Robots Corrupted . | . . . . . Combat Hostiles . | . . . . . Parts Fried . | . . . . . Impact Corruptions . | . . . . . Robots Melted . | . . . . . Combat Hostiles . | . . . . . Parts Melted . | . . . . . Heat Transferred . | . . . . . Parts Sabotaged . | . . . . . Parts Stolen . | . . . . . Parts Stripped . | . . . . . Power Chain Reactions . | . . . . . Alert | -11 -10 -10 -10 -9 ------- Run | Yrd Mat Min Exi Min Peak Influence 372 | . 372 241 . 77 Initial 18 | . . 18 . . Average 100 | . 154 117 . 24 Maximum Alert Level 1 | . 1 1 . . Low Security (%) 83 | . 70 80 . 100 Level 1 16 | . 29 19 . . Level 2 . | . . . . . Level 3 . | . . . . . Level 4 . | . . . . . Level 5 . | . . . . . High Security . | . . . . . Max Security . | . . . . . Squads Dispatched 2 | . 2 . . . Investigation . | . . . . . Extermination . | . . . . . Reinforcement 2 | . 2 . . . Assault . | . . . . . Garrison . | . . . . . Intercept . | . . . . . Searches Triggered . | . . . . . Construction Impeded . | . . . . . Haulers Reinforced . | . . . . . Active Scanning Responses . | . . . . . Cargo Convoy Interrupts . | . . . . . Stealth | -11 -10 -10 -10 -9 --------- Run | Yrd Mat Min Exi Min Distress Signals 3 | . 3 . . . Communications Jammed . | . . . . . Distress Signals . | . . . . . Times Spotted 39 | . 21 13 . 5 Peak Tracking Total 7 | . 7 6 . 4 Tactical Retreats 4 | . 2 1 . 1 Traps | -11 -10 -10 -10 -9 ------- Run | Yrd Mat Min Exi Min Traps Triggered 3 | . 2 . . 1 Indirectly . | . . . . . Trap Hack Attempts 25 | . . . . 25 Triggered . | . . . . . Disarmed . | . . . . . Reprogrammed 2 | . . . . 2 Reused . | . . . . . Traps Extracted . | . . . . . Installed . | . . . . . Triggered . | . . . . . Machines | -11 -10 -10 -10 -9 ---------- Run | Yrd Mat Min Exi Min Machines Disabled 1 | . 1 . . . Max in Single Turn 1 | . 1 . . . Machines Repaired . | . . . . . Machines Dismantled . | . . . . . Machines Sabotaged . | . . . . . Overloaded Fab Kills . | . . . . . Hacking | -11 -10 -10 -10 -9 --------- Run | Yrd Mat Min Exi Min Machines Accessed 5 | . 2 . 2 1 Terminals 2 | . 2 . . . Fabricators . | . . . . . Repair Stations . | . . . . . Recycling Units . | . . . . . Scanalyzers . | . . . . . Garrison Access . | . . . . . Total Hacks 11 | . 8 . 2 1 Successful 8 | . 5 . 2 1 Failed 3 | . 3 . . . Catastrophic 1 | . 1 . . . Database Lockouts . | . . . . . Manual 4 | . 4 . . . Terminals 8 | . 8 . . . Fabricators . | . . . . . Repair Stations . | . . . . . Recycling Units . | . . . . . Scanalyzers . | . . . . . Garrison Access . | . . . . . Terminal Hacks 8 | . 5 . 2 1 Record 2 | . . . 2 . Part Schematic 1 | . 1 . . . Prototype ID Bank 1 | . 1 . . . Open Door 1 | . . . . 1 Unreport Threat 1 | . 1 . . . Hauler Manifests 2 | . 2 . . . Fabricator Hacks . | . . . . . Repair Station Hacks . | . . . . . Recycling Unit Hacks . | . . . . . Scanalyzer . | . . . . . Garrison Access Hacks . | . . . . . Unauthorized Hacks . | . . . . . Terminals . | . . . . . Fabricators . | . . . . . Repair Stations . | . . . . . Recycling Units . | . . . . . Scanalyzers . | . . . . . Garrison Access . | . . . . . Data Cores Recovered . | . . . . . Used . | . . . . . Hacking Detections 2 | . 2 . . . Full Trace Events . | . . . . . Feedback Events . | . . . . . Feedback Blocked . | . . . . . Robot Schematics Acquired . | . . . . . Robots Built . | . . . . . Authchips . | . . . . . Time . | . . . . . Total Robot Build Rating . | . . . . . Part Schematics Acquired 1 | . 1 . . . Parts Built . | . . . . . Authchips . | . . . . . Time . | . . . . . Total Part Build Rating . | . . . . . Parts Repaired . | . . . . . Time . | . . . . . Parts Recycled . | . . . . . Recycled Matter . | . . . . . Retrieved Matter . | . . . . . Retrieved Components . | . . . . . Parts Scanalyzed . | . . . . . Part Schematics Acquired . | . . . . . Parts Damaged . | . . . . . Bothacking | -11 -10 -10 -10 -9 ------------ Run | Yrd Mat Min Exi Min Used RIF Installer . | . . . . . Robots Hacked . | . . . . . Non-combat . | . . . . . Combat . | . . . . . Robot Hacks Applied . | . . . . . Relay Couplers Released . | . . . . . Fabnet Peak Effective % . | . . . . . Robots Rewired . | . . . . . Allies Hacked . | . . . . . Hacks Repelled . | . . . . . Allies | -11 -10 -10 -10 -9 -------- Run | Yrd Mat Min Exi Min Total Allies 3 | . . 3 . . Largest Group 3 | . . 3 1 1 Highest-Rated Group 40 | . . 40 16 16 Highest-Rated Ally 16 | . . 16 16 16 Total Orders . | . . . . . Ally Attacks 21 | . . 10 . 11 Total Damage 153 | . . 95 . 58 Kills 4 | . . 3 . 1 Allies Corrupted . | . . . . . Allies Melted . | . . . . . Intel | -11 -10 -10 -10 -9 ------- Run | Yrd Mat Min Exi Min Robot Analysis Total . | . . . . . Derelict Logs Recovered 1 | . . 1 . . Drone Launches . | . . . . . Drone Recoveries . | . . . . . Exploration | -11 -10 -10 -10 -9 ------------- Run | Yrd Mat Min Exi Min Turns Passed 3066 | . 557 1278 566 665 Spaces Moved 1306 | 1 269 604 236 196 Core . | . . . . . Treads 1175 | . 139 604 236 196 Legs 131 | 1 130 . . . Wheels . | . . . . . Hover . | . . . . . Flight . | . . . . . Fastest Speed 120 | 120 120 160 240 240 Average Speed 198 | 120 147 192 240 240 Slowest Speed 240 | 120 190 240 240 240 Overloaded Moves . | . . . . . Propulsion Burnouts . | . . . . . Robots Hopped . | . . . . . Cave-ins Triggered . | . . . . . Exploration Rate (%) 47 | 2 43 91 60 39 Regions Visited 4 Branch Regions 3 Pre-discovered Areas . | . . . . . Known Exits Taken . | . . . . . Unknown Exits Taken 4 | 1 1 1 1 . Scrap Searched 2 | . . 1 . 1 Spaces Dug . | . . . . . Terrain Destroyed 32 | . 15 17 . . Melee . | . . . . . Projectile . | . . . . . AOE 32 | . 15 17 . . Terrain Rammed . | . . . . . Walls Destroyed . | . . . . . Machines Disabled . | . . . . . Actions | -11 -10 -10 -10 -9 --------- Run | Yrd Mat Min Exi Min Total 1669 | . 374 677 238 380 Wait 210 | . 37 26 . 147 Move 1302 | . 268 603 235 196 Hop . | . . . . . Pick Up 24 | . 11 9 1 3 Fast Attach 11 | . 8 3 . . Attach 7 | . 2 2 . 3 Detach 5 | . 3 . 2 . Swap 9 | . 2 6 . 1 Drop 18 | . 12 6 . . Fire 54 | . 30 20 . 4 Melee . | . . . . . Ram . | . . . . . Kick 1 | . 1 . . . Crush 2 | . . 1 . 1 Escape Stasis . | . . . . . Rewire 1 | . . 1 . . Trap 25 | . . . . 25 Miscellaneous . | . . . . . Route ------- -11/Scrapyard -10/Materials (discovered 2 exits: [*Min] / [Sub]) -10/Mines (discovered 2 exits: *Exi / [*Sub]) -10/Exiles -9/Mines (discovered 2 exits: [*Mat x2]) History --------- Turn | Location | Event 1 | -11/Scrapyard | Discovered new exit (range 0) 1 | -11/Scrapyard | Entered Materials 328 | -10/Materials | Discovered new exit (range 11) 330 | -10/Materials | Build established: Mutant 425 | -10/Materials | Discovered new exit (range 8) 501 | -10/Materials | Derelicts attacked the area 558 | -10/Materials | Entered Mines 650 | -10/Mines | Core integrity fell below 50% 665 | -10/Mines | Lost 3 parts (1p1n1w) 721 | -10/Mines | Assisted by bots powering up and referring to "LRC-V3" 748 | -10/Mines | Deemed a non-threat by the Exiles lab entrance 750 | -10/Mines | Discovered new exit (range 5) 773 | -10/Mines | Received a Rocket Launcher from a helpful Derelict 917 | -10/Mines | Found a hidden stash of uninstalled traps 1094 | -10/Mines | Learned Materials stockpile data 1213 | -10/Mines | Found a damaged Exp. Sensor Array with a note attached 1217 | -10/Mines | Found Prototype Device 1217 | -10/Mines | Identified Exp. Sensor Array 1746 | -10/Mines | Discovered new exit (range 9) 1836 | -10/Mines | Entered Exiles 1836 | -10/Exiles | Found Exiles lab abandoned 1836 | -10/Exiles | Accompanied by 1 ally 2381 | -10/Exiles | Discovered new exit (range 10) 2402 | -10/Exiles | Entered Mines 2402 | -9/Mines | Accompanied by 1 ally 2556 | -9/Mines | Discovered new exit (range 9) 2816 | -9/Mines | Discovered new exit (range 7) 2896 | -9/Mines | Met a Derelict who couldn't figure out how to use a Trap Extractor 3067 | -9/Mines | Self-destructed Last Messages --------------- 02896_ Tosses Imp. Trap Extractor to the ground. 02896_ R9-DWC(g) triggered Blade Trap. 02896_ Massive razor-sharp blades shoot up from within the floor. 02896_ Lgt. Angular Momentum Engine severed. 02896_ Imp. Heat Sink severed. 02908_ U-05 Engineer lays Concrete. 02942_ System corrupted: Matter fused (-6). 02960_ System corrupted: Heat flow error (+183). 03023_ System corrupted: Heat flow error (+254). 03037_ Acquired Imp. Field Recycling Unit. 03039_ Attempting to reprogram Proton Bomb Trap. 03059_ Proton Bomb Trap reprogrammed. 03060_ Attempting to reprogram Proton Bomb Trap. 03063_ Proton Bomb Trap reprogrammed. 03064_ System corruption misinterpreted. 03064_ Triggered Proton Bomb Trap. 03064_ A bubble of electromagnetic force engulfs the area. 03064_ Machine disabled. 03064_ SHOP.Sys disabled. 03064_ Machine disabled. Map ----- +----------------------------------------------------+ | ??## ##??## # #?## #?? | | ??# #### % #?# ##?? | | ??#%< ! #### #??? | | ??#! ##### ####### #??? | | ??## ##???# % ##### #??? | | ???#####????## #### ##??? | | ?????????????####?# ######???? | | ?????????????????## ##????????? | | ????????????????## #?????????? | | ????????????????# #?????????? | | ????????????????# #?????????? | | ????????????????## #????????## | | ?????????????????## ##?????### | | ??????????????????## ####### | | ???????????????????#### ## | | ??????????????????????## | | ???????????????????????## # | | ????????????????????????## ## | | ?????????????????????????## ##? | | ??????????????????????????# ##?? | | ??????????????????????????###### #??? | | ?????????######????????????????# #??? | | ????????## ################## #??? | | ????????#"!/=[ ## == #??? | | ????????# !^[! ## ##### % #??? | | ?????????#^^ @#?# #???# ##########??? | | ????????###!*#### #??## ####????????? | | ?????#### ! ## #### #????????? | | ????## # " #????????? | | ????# #### "%" #????????? | | ????# ## ### < #????????? | | ????## ##?# #????????? | | ?????## ###??# """ #????????? | | ??????#### ##????# """ #????????? | | ?????????## ##?????# """ #????????? | | ??????????#####??????# #????????? | | ?????????????????????########????????? | | ?????????????????????????????????????? | | | | | | | | | | | | | | | | | | | | | | | | | +----------------------------------------------------+ Best States ------------- Heat Dissipation 25 Energy Generation 14 Energy Capacity 250 Matter Stores 300 Matter Capacity 300 Sight Range 16 Robot Scan Range 20 Terrain Scan Density 10 Armor Coverage 150 Evasion (%) 55 Recoil Reduction 2 Item Schematics ----------------- Hcp. Storage Unit | -10/Materials | Hacked Robot Schematics ------------------ None Fabricated ------------ Nothing Alien Tech Used ----------------- None Achievements -------------- None Challenges ------------ None Game ------ Seed IonicVariableArachnoskeleton Manual? 0 Play Time 00:15:33 Cumulative 92.0 hours Start 2024.06.03 @ 16:25:35 End 2024.06.03 @ 16:55:19 Sessions 1 Manual Loads 0 Difficulty Rogue Special Mode None Game No. 64 Rogue 64 Adventurer 0 Explorer 0 Win Type - Total 2 Types 2/0/0/0/0/0/0/0/0 Lore% 47 Gallery% 57 Achievement% 42 Wizard Run 0 Options --------- Layout 0 ASCII 1 Keyboard 1 Movement Numpad Keybinds 0 Fullscreen 1 Font 24/Proggy Map View 76x56 Zoom Use 0% Tactical HUD 1 Map Filters NONE Filters NONE Steam 1 RUN: f6bab209-5864-4ce9-8436-75502feac928